 Dungeon Crawl Stone Soup version 0.30.1-3-gfc49f6343a (webtiles) character file.

Game seed: 15709735697119804768

6 growler the Ducker (level 1, 0/25 HPs)
             Began as a Demonspawn Gladiator on Aug 9, 2023.
             Succumbed to a kobold's poison
             ... on level 1 of the Dungeon.
             The game lasted 00:00:33 (258 turns).

growler the Ducker (Demonspawn Gladiator)            Turns: 258, Time: 00:00:33

Health: 0/25       AC: 20    Str: 14    XL:     1   Next: 75%
Magic:  1/1        EV:  2    Int:  9    God:
Gold:   18         SH:  0    Dex: 14    Spells: 0/0 levels left

rFire   . . .        a - +0 war axe
rCold   . . .        (no shield)
rNeg    . . .        b - melded +0 leather armour
rPois   +            c - melded +0 helmet
rElec   .            (cloak currently unavailable)
rCorr   .            (gloves currently unavailable)
SInv    .            (boots currently unavailable)
Will    .....        (no amulet)
Stlth   +            (no ring)
HPRegen 0.24/turn    (no ring)
MPRegen 0.07/turn

%: no passive effects
@: lethally poisoned (0 -> -8), tree-form
A: stationary, stasis, torment immunity, boosted hp
a: no special abilities


You were on level 1 of the Dungeon.
You were a tree.
You visited 1 branch of the dungeon, and saw 1 of its levels.

You collected 18 gold pieces.

Inventory:

Hand Weapons
 a - a +0 war axe (weapon)
Missiles
 d - 3 throwing nets (quivered)
 e - a javelin
Armour
 b - a +0 leather armour (melded)
 c - a +0 helmet (melded)
Jewellery
 i - a ring of willpower
Scrolls
 f - a scroll of magic mapping {unknown}
 g - a scroll of amnesia {unknown}
 j - a scroll of fog {unknown}
 k - a scroll of identify {unknown}


   Skills:
 + Level 2.6 Fighting
 - Level 2.6 Axes
 - Level 1.7 Throwing
 - Level 2.6 Dodging


You couldn't memorise any spells.
You didn't know any spells.
Your spell library was empty.

Dungeon Overview and Level Annotations

Branches:
Dungeon (1/15)

Altars:


Message History

A kobold comes into view.
It is wielding a +0 short sword of venom.
The kobold throws a stone.
The stone hits you but does no damage.
A hobgoblin comes into view.
The hobgoblin shouts!
Found a stone staircase leading down.
You barely miss the kobold. The kobold barely misses you.
The kobold hits you but does no damage.
You closely miss the kobold.
The kobold hits you with a +0 short sword of venom.
You slash the hobgoblin!
You kill the hobgoblin!
You hit the kobold. The kobold misses you.
You closely miss the kobold.
The kobold is severely wounded.
The kobold hits you but does no damage.
You are poisoned.
The kobold barely misses you.
You closely miss the kobold.
The kobold is severely wounded.
You feel sick. The kobold closely misses you.
You closely miss the kobold.
The kobold is severely wounded.
You feel sick. The kobold hits you but does no damage.
You are lethally poisoned!
The kobold hits you with a +0 short sword of venom.
You are more poisoned.
You hit the kobold.
You kill the kobold!
* * * LOW HITPOINT WARNING * * *
You feel very sick.
You are too injured to fight recklessly!
It was a potion of lignification.
You turn into a tree.
Your +0 helmet melds into your body.
Your +0 leather armour melds into your body.
Your roots penetrate the ground.
* * * LOW HITPOINT WARNING * * *
You feel very sick.
* * * LOW HITPOINT WARNING * * *
You feel very sick.
You die...

######### ........# ##
......†.#### #..
......)♣...#######.###
>...............##.#..
...........#.....#.#.###
........##.#.......#.#..
........##.#.......#.#..
........##.######.)#.#..
........##.######..#.#..
........+...............
#.######..#.###


There were no monsters in sight!

Vanquished Creatures
  2 goblins (D:1)
  A hobgoblin (D:1)
  2 kobolds (D:1)
5 creatures vanquished.

Notes
Turn   | Place    | Note
-------+----------+-------------------------------------------
     0 | D:1      | growler the Demonspawn Gladiator began the quest for the
                  | Orb.
     0 | D:1      | Reached XP level 1. HP: 16/16 MP: 1/1
   257 | D:1      | HP: 1/25 [poisoned by a kobold]
   258 | D:1      | Succumbed to a kobold's poison

Illustrated notes

Levels and vault maps discovered:
D:1:      sevenhm_arrival_forest_fort_large_2, layout_basic

Action                     || total
---------------------------++-------
  Melee: War axe           ||    23
    Use: Potion            ||     1
 Armour: Leather armour    ||    10
  Dodge: Dodged            ||    14
